Map: Winter Madness LE

Players

HeroMarine - Winner!

  • Race: Terran Terran
  • Spawn Location: 5:00

Serral

  • Race: Zerg Zerg
  • League: Grandmaster
  • Spawn Location: 11:00

VOD

Have the link to the VOD?

Description

Time

  • Played on: Feb. 1, 2026, 11:59 a.m.
  • Length: 8:28
Show
View Real Time Build Order
Export as new Build Order

HeroMarine Terran - Winner!

Build Orders: 2 Factory, Hellion Opening, Reaper Expand 

Get SALT Encoding   

  12  0:00  SCV  
  13  0:12  SCV  
  14  0:16  Supply Depot  
  14  0:24  SCV  
  15  0:38  SCV  
  15  0:40  Barracks  
  16  0:43  Refinery  
  16  0:50  SCV  
  17  1:02  SCV  
  18  1:14  SCV  
  19  1:27  Reaper, Orbital Command  
  20  1:39  Command Center  
  20  1:46  Supply Depot  
  20  1:52  SCV  
  21  1:58  Marine  
  22  2:04  SCV  
  23  2:08  Factory  
  23  2:16  SCV  
  23  2:20  Barracks Reactor  
  24  2:28  SCV  
  25  2:35  Command Center  
  25  2:40  SCV  
  26  2:50  Orbital Command  
  26  2:53  SCV  
  26  2:57  Factory  
  27  3:05  SCV  
  28  3:07  Hellion x2  
  28  3:12  Barracks Tech Lab  
  32  3:17  SCV  
  32  3:18  Refinery, SCV  
  34  3:29  SCV, Hellion  
  34  3:30  Hellion  
  34  3:31  SCV  
  40  3:38  Marine  
  40  3:41  SCV  
  42  3:43  SCV  
  43  3:48  Orbital Command  
  43  3:51  Infernal Pre-Igniter  
  43  3:53  SCV, Hellion x2  
  48  3:56  Hellion  
  48  3:58  SCV  
  51  4:05  Supply Depot, SCV  
  52  4:10  SCV  
  52  4:16  Hellion x2  
  57  4:17  SCV  
  57  4:18  SCV  
  57  4:21  Hellion  
  61  4:26  SCV  
  61  4:27  Supply Depot  
  61  4:29  SCV  
  61  4:30  SCV, Supply Depot  
  64  4:37  Hellion x2  
  68  4:38  SCV  
  69  4:46  Factory  
  69  4:49  Factory, SCV x2  
  69  4:50  Hellion, SCV  
  74  4:54  Supply Depot  
  74  4:55  Supply Depot  
  74  5:00  Refinery x2  
  74  5:01  SCV  
  74  5:03  Hellion  
  74  5:04  Hellion  
  74  5:05  Orbital Command  
  80  5:10  SCV  
  80  5:11  Hellion  
  80  5:13  SCV  
  83  5:18  Supply Depot  
  83  5:22  SCV  
  83  5:25  SCV  
  77  5:31  Hellion x2  
  77  5:32  Cyclone  
  77  5:34  SCV  
  80  5:38  SCV x2  
  80  5:42  Factory Tech Lab x2  
  78  5:46  SCV, Armory, Factory  
  75  5:50  SCV x2  
  73  5:58  SCV  
  73  6:02  SCV x2  
  70  6:04  Cyclone  
  70  6:05  Cyclone  
  70  6:06  Cyclone, Mag-Field Accelerator  
  70  6:07  Hellion  
  70  6:08  Barracks Reactor  
  81  6:11  Hellion  
  81  6:12  SCV  
  81  6:14  SCV x2  
  86  6:23  Supply Depot  
  86  6:24  SCV  
  87  6:26  SCV, Supply Depot  
  89  6:33  Hellion x2  
  89  6:36  SCV  
  89  6:37  Cyclone x2  
  89  6:38  Refinery  
  89  6:39  Cyclone, Refinery  
  102  6:53  SCV x3, Engineering Bay, Command Center  
  105  6:54  Hellion  
  105  6:57  Hellion  
  105  6:58  Hellion  
  105  6:59  Hellion  
  113  7:09  Hellion, Cyclone  
  113  7:13  Cyclone, SCV  
  113  7:14  SCV x2  
  120  7:18  Hellion  
  118  7:25  SCV  
  118  7:26  SCV x2  
  118  7:29  Hellion  
  125  7:30  Hellion  
  125  7:34  Supply Depot  
  125  7:35  Cyclone, Hellion, Supply Depot  
  130  7:38  Supply Depot, SCV x2  
  130  7:40  Sensor Tower  
  132  7:49  Supply Depot, Cyclone x2, Hellion  
  140  7:54  Hellion  
  140  7:56  Hellion  
  140  7:58  Hellion  
Show
View Real Time Build Order
Export as new Build Order

Serral Zerg 

Build Orders: Hatch First 

Get SALT Encoding   

  12  0:00  Drone  
  13  0:07  Drone  
  14  0:14  Extractor, Drone  
  15  0:21  Overlord  
  15  0:40  Drone  
  16  0:45  Hatchery  
  16  0:48  Drone  
  16  0:52  Drone  
  16  0:55  Drone  
  18  1:06  Extractor  
  18  1:10  Spawning Pool  
  16  1:14  Drone  
  16  1:17  Drone  
  18  1:26  Drone  
  19  1:37  Drone  
  20  1:48  Drone  
  21  1:56  Queen  
  21  1:57  Queen  
  21  1:58  Zergling x2  
  21  1:59  Zergling x2  
  27  2:09  Overlord  
  27  2:10  Drone, Metabolic Boost  
  28  2:27  Hatchery  
  27  2:30  Drone, Extractor  
  27  2:34  Drone x2  
  30  2:37  Drone  
  31  2:44  Queen  
  31  2:50  Overlord  
  33  2:53  Drone  
  33  2:54  Drone  
  33  2:56  Drone  
  36  3:07  Overlord  
  36  3:09  Drone x4  
  40  3:13  Drone x2  
  40  3:16  Drone  
  43  3:25  Queen  
  45  3:28  Queen  
  47  3:35  Overlord  
  47  3:37  Zergling x2, Drone x3  
  51  3:42  Queen  
  51  3:46  Zergling x2  
  51  3:47  Zergling x2  
  55  3:48  Zergling x2  
  55  3:50  Drone  
  55  3:52  Drone  
  55  3:54  Drone  
  59  3:56  Overlord  
  59  3:58  Drone  
  59  4:01  Drone  
  61  4:05  Queen  
  61  4:08  Drone  
  64  4:12  Overlord, Drone  
  65  4:18  Drone  
  65  4:19  Lair  
  65  4:21  Drone  
  65  4:23  Overlord  
  67  4:24  Zergling x4  
  67  4:25  Drone  
  67  4:30  Overlord  
  69  4:31  Zergling x2  
  69  4:32  Overlord  
  69  4:33  Drone  
  69  4:34  Drone  
  69  4:35  Drone  
  73  4:40  Queen  
  73  4:41  Drone  
  73  4:43  Drone x2  
  78  4:48  Drone  
  78  4:49  Drone x2  
  81  4:57  Spore Crawler  
  81  4:59  Spore Crawler, Hatchery  
  78  5:01  Spore Crawler  
  78  5:05  Baneling Nest, Drone x3  
  78  5:06  Drone  
  80  5:07  Extractor x2  
  80  5:08  Drone x2  
  80  5:10  Zergling x2  
  80  5:13  Zergling x4  
  83  5:24  Zergling x4  
  83  5:25  Zergling x2  
  83  5:26  Zergling x8  
  73  5:30  Zergling x2  
  73  5:31  Zergling x6  
  73  5:35  Drone  
  74  5:36  Drone  
  74  5:41  Drone  
  74  5:42  Drone x3  
  75  5:47  Drone  
  74  5:53  Drone x2  
  65  5:59  Drone x3  
  65  6:01  Drone  
  65  6:03  Drone x2  
  69  6:07  Overseer  
  69  6:12  Evolution Chamber, Drone x4  
  69  6:13  Drone  
  69  6:14  Drone  
  69  6:16  Drone  
  75  6:22  Drone  
  75  6:25  Drone x2  
  78  6:26  Overlord  
  78  6:30  Centrifugal Hooks  
  78  6:33  Drone  
  78  6:35  Drone  
  78  6:36  Drone x3  
  78  6:39  Drone x4  
  88  6:47  Drone x5  
  88  6:51  Drone  
  88  6:53  Evolution Chamber  
  92  6:54  Drone  
  92  6:55  Drone x2, Evolution Chamber  
  92  6:57  Extractor  
  92  7:00  Roach Warren  
  92  7:01  Baneling  
  92  7:02  Baneling x5  
  92  7:04  Zergling x4  
  93  7:08  Zergling x8  
  93  7:13  Zergling x8  
  98  7:16  Zergling x6  
  98  7:19  Overlord  
  99  7:23  Overlord  
  99  7:26  Overlord  
  99  7:27  Overlord  
  98  7:33  Overlord  
  98  7:42  Zergling x10  
  98  7:43  Zergling x4  
  104  7:46  Baneling x3  
  104  7:47  Baneling x4  
  104  7:50  Zergling x14  
  110  7:56  Zergling x12  
Tags
 
Add a new tag
Caveats
  • Supply blocks, unpowered buildings, or Contaminate may cause inaccurate times.
  • Supply counts are checked every 10 seconds.